 Dungeon Crawl Stone Soup version 0.30-a0-272-gf98c3da03f (webtiles) character file.

Game seed: 4653975085738459911

39 Flugkiller the Sneak (level 3, -7/26 HPs)
             Began as an Octopode Delver on Oct 15, 2022.
             Mangled by a gnoll
             ... wielding a +0 spear
              (8 damage)
             ... on level 2 of the Dungeon.
             The game lasted 00:01:03 (309 turns).

Flugkiller the Sneak (Octopode Delver)               Turns: 309, Time: 00:01:04

Health: -7/26      AC:  1    Str: 11    XL:     3   Next: 45%
Magic:  3/3        EV: 14    Int: 12    God:
Gold:   40         SH:  0    Dex: 15    Spells: 2/2 levels left

rFire   . . .      SeeInvis .    a - +0 short sword
rCold   . . .      Faith    .    (no shield)
rNeg    . . .      Spirit   .    (helmet restricted)
rPois   .          Reflect  .    (no amulet)
rElec   .          Harm     .    (no ring)
rCorr   .          Rampage  .    (no ring)
Will    .....                    (no ring)
Stlth   ++++......               (no ring)
HPRegen 0.24/turn                (no ring)
MPRegen 0.08/turn                (no ring)
                                 (no ring)
                                 (no ring)

@: brilliant, hasted, very quick
A: almost no armour, amphibious, 8 rings, camouflage 1, gelatinous body 1,
(nimble swimmer 1), tentacles
a: no special abilities


You were on level 2 of the Dungeon.
You visited 1 branch of the dungeon, and saw 4 of its levels.

You collected 40 gold pieces.

Inventory:

Hand Weapons
 a - a +0 short sword (weapon)
Wands
 f - a wand of digging (3)
Scrolls
 b - a scroll of fog
 c - a scroll of identify {unknown}
 d - a scroll of brand weapon {unknown}
 g - 2 scrolls of enchant armour {unknown}
 j - a scroll of enchant weapon {unknown}
 k - a scroll of poison {unknown}
Potions
 e - a potion of brilliance
 i - a potion of resistance {unknown}


   Skills:
 - Level 3.0 Fighting
 - Level 2.0 Short Blades
 + Level 3.7 Dodging
 - Level 6.6 Stealth


You had 2 spell levels left.
You didn't know any spells.
Your spell library contained the following spells:

 Spells                   Type           Power      Damage    Failure   Level
 Yara's Violent Unravell  Hex/Tmut       0%         3d3       100%        5
 Enfeeble                 Hex            0%         N/A       100%        7


Dungeon Overview and Level Annotations

Branches:
Dungeon (5/15) Zot: 23694
 Temple: D:4-7

Altars:

Annotations:
D:2 Sigmund


Innate Abilities, Weirdness & Mutations

You cannot wear most types of armour.
You are amphibious.
You can wear up to eight rings at the same time.
Your skin changes colour to match your surroundings (Stealth+).
Your rubbery body absorbs attacks. (AC +1, EV +1)
((You are camouflaged when in or above water. (Stealth+)))
You have tentacles for arms and can constrict up to eight enemies at once.


Message History

Your squeeze misses the adder. The adder bites you.
You are poisoned.
The adder poisons you!
You are too injured to fight recklessly!
You are too injured to fight recklessly!
You hit the adder but do no damage. Your grab misses the adder.
You feel sick. The adder closely misses you.
You miss the adder. Your grab misses the adder. Your squeeze misses the adder.
You feel sick. The adder barely misses you.
You miss the adder. Your grab misses the adder.
You feel sick. The adder barely misses you.
You miss the adder. You grab the adder. You constrict the adder.
You feel sick.
You are no longer poisoned.
The adder misses you. The adder bites you.
You hit the adder. Your squeeze misses the adder.
The adder is lightly wounded.
You constrict the adder. The adder closely misses you.
You barely miss the adder. You squeeze the adder!
You kill the adder!
Your Dodging skill increases to level 3!
Unknown command.
You start resting.
HP restored.
e - 2 emerald potions (gained 1)
Found a thin runed staff.
A goblin comes into view. It is wielding a +0 dagger.
You see here 3 gold pieces.
Sigmund the Dreaded comes into view.
He is wielding a +0 scythe.
A kobold comes into view.
It is wielding a +0 short sword of distortion.
An adder comes into view.
Found a scroll labelled OQEXKO YDIERU.
The adder hisses angrily.
The adder misses you.
You miss the adder. Your grab misses the adder.
The adder bites you but does no damage.
You hit the adder. You grab the adder. You squeeze the adder!
The adder is severely wounded.
You constrict the adder. The adder bites you.
You are poisoned.
The adder poisons you!
You hit the adder.
You kill the adder!
You feel sick.
You have reached level 3!
Your experience leads to an increase in your attributes!
Increase (S)trength, (I)ntelligence, or (D)exterity?
You feel agile. x2
Found a stone staircase leading down.
You feel sick.
g - 2 scrolls labelled OQEXKO YDIERU (gained 1)
You feel sick.
You feel sick.
Found a scroll labelled ISAKYIPSAR.
Found a stone staircase leading down.
You feel sick.
You are no longer poisoned.
You start resting.
HP restored.
A gnoll comes into view. It is wielding a +0 spear.
The gnoll shouts!
You hear a shout!
A gnoll comes into view. It is wielding a +0 spear.
A ball python comes into view.
A gnoll comes into view. It is wielding a +0 flail.
The ball python moves out of view.
Okay, then.
Okay, then.
A gnoll comes into view. It is wielding a +0 flail.
The gnoll hits you with a +0 spear.
The gnoll shouts!
You hit the gnoll but do no damage. You grab the gnoll.
You constrict the gnoll, but do no damage.
You hear a shout!
The gnoll closely misses you.
You hear a shout!
You hit the gnoll but do no damage. You squeeze the gnoll.
The gnoll is heavily wounded.
You constrict the gnoll. The gnoll closely misses you.
You hit the gnoll but do no damage. You squeeze the gnoll.
The gnoll is severely wounded.
You constrict the gnoll, but do no damage.
The gnoll hits you with a +0 spear.
You hit the gnoll.
You kill the gnoll!
You feel yourself speed up.
You closely miss the gnoll. Your grab misses the gnoll.
You barely miss the gnoll. Your grab misses the gnoll.
You tentacle-slap the gnoll.
The gnoll is lightly wounded.
The gnoll hits you with a +0 flail!
You hit the gnoll but do no damage. Your grab misses the gnoll.
The gnoll hits you with a +0 flail.
* * * LOW HITPOINT WARNING * * *
You barely miss the gnoll. You grab the gnoll. You squeeze the gnoll.
The gnoll is moderately wounded.
You constrict the gnoll, but do no damage.
It was a potion of brilliance.
You feel clever all of a sudden.
You constrict the gnoll, but do no damage.
The gnoll hits you with a +0 flail.
* * * LOW HITPOINT WARNING * * *
The gnoll hits you from afar with a +0 spear!
You die...

>##.####.........#
.##.# ##........#
.##.#####........#
g##...........)..#
.#####..#######..#
.. #..# ##.# g.
#### #g# #g# #@#
###


You could see 2 gnolls.

Vanquished Creatures
  A gnoll (D:2)
  3 adders
  A rat (D:2)
5 creatures vanquished.

Notes
Turn   | Place    | Note
-------+----------+-------------------------------------------
     0 | D:5      | Flugkiller the Octopode Delver began the quest for the Orb.
     0 | D:5      | Reached XP level 1. HP: 16/16 MP: 1/1
    15 | D:5      | Noticed an iguana
    48 | D:5      | Reached XP level 2. HP: 15/21 MP: 2/2
   210 | D:2      | Noticed Sigmund
   236 | D:2      | Reached XP level 3. HP: 20/26 MP: 3/3
   309 | D:2      | HP: 1/26 [gnoll/+0 flail (5)]
   309 | D:2      | Mangled by a gnoll

Illustrated notes

Levels and vault maps discovered:
D:2:      layout_rooms, uniq_sigmund
D:3:      layout_rooms, nemelex_dance_club_becter,
          hellmonk_ecumenical_altar_watching_god, kennysheep_generic_room_10
D:4:      layout_loops_ring, serial_shops, nicolae_shop_statue_plus
D:5:      layout_basic, kennysheep_mini_moat, slow_altar_1,
          mainiacjoe_overflow_tiny_flanked, hangedman_glass_teeth, nrook_uturn,
          minmay_checkerbox

Skill      XL: |  1  2 |
---------------+-------+-----
Dodging        | 3 |  3.7
Fighting       | |  3.0
Short Blades   | |  2.0
Stealth        | |  6.6

Action                   || total
-------------------------++-------
Melee: Short sword       ||    26
       Constrict         ||     5
       Tentacles         ||     5
       Punch             ||     1
  Use: Scroll            ||     2
       Potion            ||     2
 Stab: Sleeping          ||     1
Armor: Skin              ||     2
Dodge: Dodged            ||    22

Table legend: (Time is in decaauts)
 A = Elapsed time spent in this place.
 B = Non-inter-level travel time spent in this place.
 C = Inter-level travel time spent in this place.
 D = Time resting spent in this place.
 E = Time spent auto-exploring this place.
 F = Levels seen in this place.
 G = Mean time per level.
                   A        B        C        D        E       F      G
               +--------+--------+--------+--------+--------+-----+--------+
         Total |    304 |    290 |     14 |    107 |      0 |   4 |   76.0 |
       Dungeon |    304 |    290 |     14 |    107 |      0 |   4 |   76.0 |
               +--------+--------+--------+--------+--------+-----+--------+

Top non-repeatable levels by time:
     D:2: 178 daAuts
     D:4: 57 daAuts
     D:5: 52 daAuts
     D:3: 15 daAuts
